 Dungeon Crawl Stone Soup version 0.17.0-24-gcfadda4 (webtiles) character file.

286 Helmschank the Insei (level 5, -4/42 HPs)
             Began as a Demigod Transmuter on Nov 16, 2015.
             Killed by divine providence
             ... invoked by an orc priest
              (11 damage)
             ... on level 3 of the Dungeon.
             The game lasted 00:12:29 (3577 turns).

Helmschank the Insei (Demigod Transmuter)           Turns: 3577, Time: 00:12:29

Health: -4/42      AC:  4    Str: 13    XL:     5   Next: 80%
Magic:  6/10       EV: 13    Int: 17    God:
Gold:   137        SH:  0    Dex: 18    Spells: 3 memorised, 1 level left

rFire  . . .     SeeInvis .       - Unarmed
rCold  . . .     Clarity  .     h - +0 leather armour
rNeg   . . .     SustAt   +     (no shield)
rPois  .         Gourm    .     (no helmet)
rElec  .         Spirit   .     (no cloak)
rCorr  .         Warding  .     l - +0 pair of gloves
rMut   .         Stasis   .     (no boots)
MR     .....                    (no amulet)
Stlth  +.........               (no ring)
                                (no ring)

@: not resistant to hostile enchantments, very unstealthy
A: high mp 1, sustain attributes
a: no special abilities


You were on level 3 of the Dungeon.
You were not hungry.

You visited 1 branch of the dungeon, and saw 3 of its levels.

You collected 137 gold pieces.

Inventory:

Missiles
 e - 125 stones (quivered)
 f - 5 tomahawks
 i - 19 poisoned needles
Armour
 b - a +0 robe
 h - a +0 leather armour (worn)
 l - a +0 pair of gloves (worn)
Jewellery
 k - an uncursed amulet of guardian spirit
 n - an uncursed amulet of stasis
Scrolls
 g - a scroll of blinking {unknown}
 m - a scroll of recharging {unknown}
 o - 3 scrolls of enchant weapon {unknown}
 p - 2 scrolls of remove curse {unknown}
 r - a scroll of enchant armour {unknown}
Potions
 q - a potion of flight
Books
 c - a book of Changes

   Spells                             Type                      Level
   a - Beastly Appendage              Transmutation                1
   b - Sticks to Snakes               Transmutation                2
   c - Spider Form                    Transmutation/Poison         3
   d - Ice Form                       Ice/Transmutation            4
   e - Blade Hands                    Transmutation                5
Comestibles
 d - 2 bread rations
 j - a chunk of flesh


   Skills:
 - Level 2.6 Fighting
 - Level 3.3 Dodging
 - Level 4.6 Unarmed Combat
 + Level 1.7 Spellcasting
 + Level 1.9 Transmutations
 + Level 0.3 Poison Magic


You had one spell level left.
You knew the following spells:

 Your Spells              Type           Power        Failure   Level  Hunger
a - Spider Form           Trmt/Pois      #.........   50%         3    ###....
x - Sticks to Snakes      Trmt           #.........   21%         2    ###....
z - Beastly Appendage     Trmt           #.....       14%         1    #......


Dungeon Overview and Level Annotations

Branches:
Dungeon (3/15)


Innate Abilities, Weirdness & Mutations

You have an increased reservoir of magic (+10% MP).
Your attributes are resistant to harm.


Message History

There is an open door here.
Your ball python closely misses the orc priest.
Your ball python barely misses the orc priest.
The orc priest hits your ball python with a trident!
Your ball python dies!
You close the door.
Casting: Sticks to Snakes
Confirm with . or Enter, or press ? or * to list all spells.
You create a snake!
An orc priest opens the door.
The orc priest hits you with a trident!
* * * LOW HITPOINT WARNING * * *
There is an open door, spattered with blood here.
The orc priest hits you from afar with a trident.
* * * LOW HITPOINT WARNING * * *
The orc priest mumbles some strange prayers to Beogh against you.
Your adder convulses in agony!
Your adder dies!
The orc priest mumbles some strange prayers to Beogh against you.
Something smites you!
You die...

##### ######≈..# .......≈.#
≈.≈.≈.≈..##########
.......≈......÷...#
####################≈...........#
#>...).)....o'..................#
#.#####.######..@...............#
#)# ########...........# #.#
#...........# ..< #...........#
### #..........)# #...........#
#...........# ####......).....
#............)..


You could see an orc priest.

Vanquished Creatures
  The ghost of Drakale the Bolt Thrower, an amateur HuHu (D:3)
  3 gnolls (D:3)
  An adder (D:2)
  A worm (D:3)
  5 orcs (D:3)
  A ball python (D:1)
  2 giant cockroaches
  13 goblins
  7 hobgoblins
  A jackal (D:3)
  5 bats
  2 giant newts
  8 kobolds
  6 rats
56 creatures vanquished.

Vanquished Creatures (collateral kills)
  2 gnolls (D:3)
  2 adders (D:2)
  A hobgoblin (D:2)
  3 jackals (D:3)
8 creatures vanquished.

Grand Total: 64 creatures vanquished

Notes
Turn   | Place    | Note
--------------------------------------------------------------
     0 | D:1      | Helmschank the Demigod Transmuter began the quest for the Orb.
     0 | D:1      | Reached XP level 1. HP: 15/15 MP: 5/5
   383 | D:1      | Reached skill level 1 in Fighting
   811 | D:1      | Reached skill level 3 in Unarmed Combat
   811 | D:1      | Reached XP level 2. HP: 23/23 MP: 5/7
   837 | D:1      | Learned a level 2 spell: Sticks to Snakes
  1688 | D:2      | Reached XP level 3. HP: 28/28 MP: 6/8
  2379 | D:3      | Reached XP level 4. HP: 23/36 MP: 6/9
  2796 | D:3      | Noticed Drakale's ghost (amateur HuHu)
  2858 | D:3      | Killed Drakale's ghost
  2858 | D:3      | Reached skill level 4 in Unarmed Combat
  2858 | D:3      | Reached XP level 5. HP: 11/42 MP: 5/10
  3080 | D:3      | Found a sparkling altar of Nemelex Xobeh.
  3080 | D:3      | Found a bloodstained altar of Trog.
  3129 | D:3      | Learned a level 3 spell: Spider Form
  3577 | D:3      | Killed from afar by an orc priest

Action                   |  1- 3 |  4- 6 || total
-------------------------+-------+-------++-------
Melee: Unarmed           |   140 |    75 ||   215
Throw: Stone             |     5 |    10 ||    15
 Cast: Beastly Appendage |    21 |     9 ||    30
       Sticks to Snakes  |     4 |     8 ||    12
  Use: Potion            |       |     2 ||     2
 Stab: Sleeping          |       |     1 ||     1
  Eat: Chunk             |     5 |     5 ||    10
